 Dungeon Crawl Stone Soup version 0.30.0-5-g1a98f26d00 (webtiles) character file.

Game seed: 7415613446316703697

76661 Foic the Bludgeoner (level 16, -5/119 HPs)
             Began as a Meteoran Fighter on May 7, 2023.
             Was an Elder of Elyvilon.
             Slain by a raiju (7 damage)
             ... while paralysed by accursed screaming
             ... on level 2 of the Abyss on May 8, 2023.
             The game lasted 02:01:54 (10077 turns).

Foic the Bludgeoner (Meteoran Fighter)             Turns: 10077, Time: 02:01:55

Health: -5/119     AC: 24    Str: 24      XL:     16   Next: 49%
Magic:  14/17      EV:  2    Int:  9 (12) God:    Elyvilon [****..]
Gold:   747        SH:  0    Dex: 20      Spells: 15/15 levels left

rFire   + . .        p - +9 flail "Anun" {holy, rF+}
rCold   . . .        B - +0 kite shield
rNeg    . . .        R - +8 chain mail "Udghosugh" {rC+}
rPois   .            (helmet restricted)
rElec   .            K - +0 cloak
rCorr   .            b - +1 pair of gloves
SInv    .            H - +0 pair of boots
Will    +++..        L - amulet of regeneration Stlth
                     Q - ring of willpower
HPRegen 0.00/turn    z - +6 ring of dexterity
MPRegen 0.15/turn

%: no passive effects
@: paralysed, sick, glowing
A: sense surroundings 2, otherworldly, glowing, explore regen, horns 1, wild
magic 1, [deformed body], [frail 2], [screaming 2], ([teleportitis 1]), [cold
vulnerability 1], [inability to drink after injury 1]
a: Renounce Religion, Purification, Heal Other, Heal Self


You were on level 2 of the Abyss.
You worshipped Elyvilon.
Elyvilon was greatly pleased with you.
You visited 6 branches of the dungeon, and saw 20 of its levels.
You visited the Abyss 2 times.
You also visited: Volcano.

You collected 859 gold pieces.
You spent 112 gold pieces at shops.

Inventory:

Hand Weapons
 l - a +2 longbow of flaming
 p - the +9 flail "Anun" (weapon) {holy, rF+}
   (You found it on level 3 of the Dungeon)

   rF:        It protects you from fire.
 J - a +4 quarterstaff of chaos
Missiles
 i - 43 stones (quivered)
Armour
 b - a +1 pair of gloves (worn)
 s - a +0 tower shield
 A - a +3 plate armour of willpower
 B - a +0 kite shield (worn)
 G - a +0 helmet
 H - a +0 pair of boots (worn)
 K - a +0 cloak (worn)
 R - the +8 chain mail "Udghosugh" (worn) {rC+}
   (You found it on level 2 of the Snake Pit)

   rC:        It protects you from cold.
Magical Staves
 j - a staff of air
Jewellery
 d - the ring of Wudivoz {rElec rPois AC+4 Slay-5}
   (You acquired it on level 2 of the Snake Pit)

   [ring of protection]

   AC:        It affects your AC (+4).
   Slay:      It affects your accuracy & damage with ranged weapons and melee
   (-5).
   rElec:     It insulates you from electricity.
   rPois:     It protects you from poison.
 f - a ring of ice
 k - an amulet of magic regeneration
 n - an amulet of guardian spirit
 t - a ring of poison resistance
 y - a ring of flight
 z - a +6 ring of dexterity (right hand)
 L - an amulet of regeneration (around neck)
 M - an amulet of faith
 N - a ring of see invisible
 Q - a ring of willpower (left hand)
Wands
 u - a wand of flame (24)
 C - a wand of mindburst (8)
 I - a wand of iceblast (11)
Scrolls
 a - a scroll of blinking
 e - 11 scrolls of identify
 g - 5 scrolls of fear
 m - a scroll of poison
 o - 2 scrolls of vulnerability
 r - 3 scrolls of amnesia
 v - 4 scrolls of teleportation {unknown}
 w - 5 scrolls of noise {unknown}
 E - a scroll of silence {unknown}
 F - 3 scrolls of enchant armour {unknown}
 P - 2 scrolls of magic mapping {unknown}
Potions
 h - a potion of mutation
 q - 5 potions of curing
 D - 2 potions of attraction
 O - 3 potions of haste
Miscellaneous
 x - a condenser vane


   Skills:
 + Level 15.3 Fighting
 + Level 17.7 Maces & Flails
 + Level 16.5 Armour
 + Level 16.5 Shields


You had 15 spell levels left.
You didn't know any spells.
Your spell library contained the following spells:

 Spells                   Type           Power      Damage    Failure   Level
 Foxfire                  Conj/Fire      0%         2x1d4     92%         1
 Sandblast                Erth           0%         2d4       92%         1
 Cigotuvi's Dreadful Rot  Necr/Pois/Air  0%         N/A       97%         2
 Passwall                 Tmut/Erth      0%         N/A       97%         2
 Dazzling Flash           Conj/Hex       0%         N/A       100%        3
 Ignite Poison            Fire/Tmut/Pois 0%         N/A       100%        3
 Stone Arrow              Conj/Erth      0%         3d7       100%        3
 Volatile Blastmotes      Fire/Tloc      0%         2d10      100%        3
 Fulminant Prism          Conj/Hex       0%         3d5       100%        4
 Iskenderun's Mystic Bla  Conj/Tloc      0%         2d3       100%        4
 Summon Ice Beast         Ice/Summ       0%         N/A       100%        4
 Agony                    Necr           0%         N/A       100%        5
 Fireball                 Conj/Fire      0%         3d3       100%        5
 Freezing Cloud           Conj/Ice/Air   0%         6-21      100%        5
 Lee's Rapid Deconstruct  Erth           0%         3d4*      100%        5
 Silence                  Hex/Air        0%         N/A       100%        5
 Summon Mana Viper        Hex/Summ       0%         N/A       100%        5
 Plasma Beam              Fire/Air       0%         2x1d11    100%        6
 Starburst                Conj/Fire      0%         6d3       100%        6
 Monstrous Menagerie      Summ           0%         N/A       100%        7


Dungeon Overview and Level Annotations

Branches:
Dungeon (8/15) Zot: 1037   Temple (1/1) D:4 Zot: 461    Lair (5/5) D:8 Zot: 763
 Shoals (2/4) Lair:2 Zot: 108   Snake (3/4) Lair:2 Zot: 250   Slime (1/5) Lair:5 Zot: 458
Volcano (visited)

Altars:
Ashenzari
Cheibriados
Dithmenos
Elyvilon
Fedhas
Gozag
Hepliaklqana
Kikubaaqudgha
Makhleb
Qazlal
Ru
Sif Muna
Trog
Uskayaw
Wu Jian
Xom
Yredelemnul
Zin
The Shining One
Lugonu

Shops:
D:3 !   D:4 =   Shoals:2 [

Portals:
Abyss: Lair:5

Annotations:
Shoals:1 exclusion: oklob plant


Innate Abilities, Weirdness & Mutations

You passively map the area around you.
You are easily found by Zot.
You glow in the dark.
You regain HP and MP as you explore.
You have a pair of small horns on your head.
Your spells are a little harder to cast, but a little more powerful.
[Armour fits poorly on your strangely shaped body.]
[You are very frail. (-20% HP)]
[You frequently scream uncontrollably at your foes.]
[((You are occasionally teleported next to monsters.))]
[You are vulnerable to cold. (rC-)]
[You occasionally lose the ability to drink potions when taking damage.]


Message History

The living lightning hits you!
* * * LOW HITPOINT WARNING * * *
The raiju blinks!
The raiju bursts into living lightning!
The living lightning hits you!!
You feel threatened and lose the ability to drink potions!
* * * LOW HITPOINT WARNING * * *
The raiju blinks!
A starcursed mass splits.
The raiju bursts into living lightning!
The living lightning hits you!
* * * LOW HITPOINT WARNING * * *
The raiju blinks!
You are healed.
You block the starcursed mass's attack. x2
A deafening chorus of shrieks assaults your mind!
* * * LOW HITPOINT WARNING * * *
You are healed.
You block the starcursed mass's attack.
The starcursed mass touches you but does no damage.
The raiju bites you.
* * * LOW HITPOINT WARNING * * *
The raiju shocks you!
* * * LOW HITPOINT WARNING * * *
The starcursed mass attacks as you move away!
The starcursed mass touches you but does no damage.
The raiju bites you but does no damage.
A starcursed mass splits.
The raiju bites you but does no damage.
A starcursed mass splits.
The starcursed mass attacks as you move away!
You block the starcursed mass's attack.
A starcursed mass splits.
A cacophony of accursed wailing tears at your sanity!
* * * LOW HITPOINT WARNING * * *
You can drink potions again.
A starcursed mass splits.
A cacophony of accursed wailing tears at your sanity!
Elyvilon protects you from harm!
You suddenly lose the ability to move!
The raiju bites you. Elyvilon protects you from harm! The raiju shocks you!
You die...

# #### . .. .. . .
#..# . . ..# ...#
#..# #. X . . ..
..##..### # .. .
... #.#..#.#.#....
. .. #.....#
####.#.
...#.#..#h###.#.#_#
#
##......##.#.##@.#.
#...##..XXXhXXh###
## . #.#
##.#XX##X##......
.. ..
#..##XX......##
#.....# ###.#.#....
. . .
.#....#X...#..# ..#
# #.......# ..#.
#.# .. ## #..## #.
..# ....# ... ..##.


You could see 9 starcursed masses and 2 raiju.

Vanquished Creatures
  A lich (Abyss:2)
  2 tentacled starspawn (Abyss:1)
  An acid blob (Lair:5)
  Frances (Shoals:1)
  A nagaraja (Snake:3)
  A quicksilver ooze (Slime:1)
  Nessos (Lair:3)
  2 merfolk impalers (Shoals:1)
  A hydra (Lair:2)
  A salamander tyrant (Snake:2)
  A centaur warrior (Shoals:1)
  4 anacondas
  2 merfolk avatars (Shoals:1)
  2 naga warriors
  A naga sharpshooter (Snake:3)
  6 death yaks
  2 shock serpents
  8 thrashing horrors
  6 large abominations
  4 skysharks
  2 wretched stars (Abyss:1)
  A salamander mystic (Snake:1)
  Amaemon (Lair:3)
  A sixfirhy (Abyss:1)
  4 sea snakes
  2 naga ritualists (Snake:2)
  A deep elf archer (Volcano)
  4 harpies
  5 mana vipers
  5 salamanders
  6 deep elf pyromancers (Volcano)
  3 manticores
  A cyclops (Shoals:1)
  2 merfolk sirens (Shoals:1)
  3 naga magi (Snake:2)
  14 black mambas
  6 cane toads
  4 elephants (Lair:5)
  An orange demon (Lair:3)
  3 rime drakes
  5 komodo dragons
  A freezing wraith (Abyss:1)
  A polar bear (Lair:4)
  4 ancient zymes
  A meliai (shapeshifter) (Lair:5)
  4 merfolk
  11 blink frogs
  A snapping turtle (Shoals:2)
  4 raiju (Abyss:1)
  3 dream sheep (Shoals:1)
  2 slime creatures
  2 water elementals
  2 ynoxinuls
  8 fire elementals (Volcano)
  3 wyverns
  19 yaks
  2 basilisks
  4 golden eyes
  A neqoxec (Abyss:1)
  3 chaos spawn
  2 steam dragons (D:7)
  15 nagas
  8 water moccasins
  3 hell hounds (Volcano)
  A sky beast (D:6)
  2 ice beasts
  An orc warrior (D:8)
  3 black bears
  8 small abominations
  The ghost of Eitelfritz the Slasher, an amateur MiGl of Nemelex Xobeh (D:3)
  3 centaurs
  An ettin simulacrum (Abyss:1)
  2 phantoms
  4 wolves (Lair:1)
  A scorpion (D:8)
  11 bullfrogs
  An electric eel (Lair:2)
  3 hounds
  3 jellies
  2 orc priests (D:6)
  Crazy Yiuf (D:6)
  2 sleepcaps
  6 iguanas
  2 orc wizards (D:5)
  3 adders
  6 gnolls
  3 white imps
  2 ufetubi
  A worm (D:2)
  A dart slug (D:3)
  18 orcs
  6 ball pythons
  3 bats
  5 endoplasms
  A giant cockroach (D:3)
  5 hobgoblins
  4 jackals (D:3)
  7 kobolds
  5 quokkas
  4 goblins
  4 rats
  A starspawn tentacle (Abyss:1)
363 creatures vanquished.

Vanquished Creatures (collateral kills)
  3 harpies (Shoals:2)
3 creatures vanquished.

Vanquished Creatures (others)
  A deep elf pyromancer (Volcano)
  An orc wizard (D:5)
  An ufetubus (D:7)
  4 starspawn tentacles (Abyss:1)
7 creatures vanquished.

Grand Total: 373 creatures vanquished

Notes
Turn   | Place    | Note
-------+----------+-------------------------------------------
     0 | D:1      | Foic the Meteoran Fighter began the quest for the Orb.
     0 | D:1      | Reached XP level 1. HP: 19/19 MP: 2/2
    89 | D:1      | Reached XP level 2. HP: 26/26 MP: 3/3
   215 | D:1      | Reached skill level 3 in Maces & Flails
   376 | D:1      | Reached XP level 3. HP: 31/31 MP: 4/4
   578 | D:2      | Reached XP level 4. HP: 34/40 MP: 5/5
   989 | D:2      | Reached XP level 5. HP: 44/46 MP: 6/6
  1143 | D:3      | Identified the +9 flail "Anun" {holy, rF+}
  1424 | D:3      | Found Rinesas's Distillery.
  1429 | D:3      | Bought a potion of curing for 42 gold pieces
  1429 | D:3      | Bought a potion of heal wounds for 70 gold pieces
  1544 | D:3      | Found a runed translucent gate.
  1544 | D:3      | Found a runed translucent gate.
  1545 | D:3      | Found a runed translucent gate.
  1545 | D:3      | Noticed Eitelfritz's ghost (amateur MiGl)
  1555 | D:3      | Killed Eitelfritz's ghost
  1556 | D:3      | Reached skill level 4 in Maces & Flails
  1556 | D:3      | Reached XP level 6. HP: 49/53 MP: 7/7
  1808 | D:4      | Found Geg Jiy's Jewellery Shoppe.
  1856 | D:4      | Found a white marble altar of Elyvilon.
  1865 | D:4      | Became a worshipper of Elyvilon the Healer
  1935 | D:4      | Found a staircase to the Ecumenical Temple.
  1941 | Temple   | Entered the Ecumenical Temple
  2095 | D:4      | Reached skill level 5 in Armour
  2322 | D:5      | Entered Level 5 of the Dungeon
  2337 | D:5      | Reached skill level 5 in Shields
  2340 | D:5      | Noticed a black bear
  2353 | D:5      | Reached skill level 5 in Maces & Flails
  2353 | D:5      | Reached XP level 7. HP: 52/60 MP: 8/8
  2357 | D:5      | Reached skill level 5 in Fighting
  2635 | D:5      | Reached * piety under Elyvilon
  2922 | D:6      | Reached XP level 8. HP: 65/69 MP: 9/9
  2994 | D:6      | Reached skill level 6 in Maces & Flails
  3093 | D:6      | Found an ornate altar of the Wu Jian Council.
  3156 | D:6      | Found a runed translucent door.
  3157 | D:6      | Noticed Crazy Yiuf
  3163 | D:6      | Killed Crazy Yiuf
  3289 | D:7      | Reached ** piety under Elyvilon
  3303 | D:7      | Noticed a steam dragon
  3316 | D:7      | Killed a steam dragon
  3317 | D:7      | Gained mutation: You passively map the area around you.
                  | [Meteoran growth]
  3317 | D:7      | Reached XP level 9. HP: 75/77 MP: 10/10
  3321 | D:7      | Reached skill level 7 in Maces & Flails
  3681 | D:8      | Reached skill level 8 in Maces & Flails
  3712 | D:8      | Found a basalt altar of Yredelemnul.
  3714 | D:8      | Found a hide-covered altar of Uskayaw.
  3715 | D:8      | Found a blossoming altar of Fedhas.
  3715 | D:8      | Found a glowing golden altar of the Shining One.
  3716 | D:8      | Found a sacrificial altar of Ru.
  3717 | D:8      | Found a hazy altar of Hepliaklqana.
  3787 | D:8      | Reached XP level 10. HP: 73/86 MP: 11/11
  3815 | D:8      | Found a staircase to the Lair.
  3829 | Lair:1   | Entered Level 1 of the Lair of Beasts
  3857 | Lair:1   | Reached skill level 9 in Maces & Flails
  3911 | Lair:1   | Noticed a cane toad
  3923 | Lair:1   | Killed a cane toad
  3945 | Lair:1   | Noticed a rime drake
  3951 | Lair:1   | Killed a rime drake
  3979 | Lair:1   | Reached skill level 10 in Maces & Flails
  3999 | Lair:1   | Reached XP level 11. HP: 89/97 MP: 12/12
  4098 | Lair:1   | Reached skill level 10 in Armour
  4105 | Lair:1   | Reached skill level 10 in Shields
  4150 | Lair:1   | Reached *** piety under Elyvilon
  4230 | Lair:1   | Gained mutation: You have a pair of small horns on your
                  | head. [potion of mutation]
  4230 | Lair:1   | Gained mutation: Your spells are a little harder to cast,
                  | but a little more powerful. [potion of mutation]
  4287 | Lair:1   | Reached skill level 11 in Maces & Flails
  4333 | Lair:1   | Glimpsed the power of Zot.
  4387 | Lair:2   | Noticed a six-headed hydra
  4406 | Lair:2   | Killed a six-headed hydra
  4407 | Lair:2   | Reached skill level 10 in Fighting
  4446 | Lair:2   | Found a dark tunnel.
  4455 | Volcano  | Entered a volcano
  4486 | Volcano  | Noticed a deep elf pyromancer
  4505 | Volcano  | Killed a deep elf pyromancer
  4519 | Volcano  | Noticed a deep elf pyromancer
  4530 | Volcano  | Noticed a deep elf pyromancer
  4533 | Volcano  | Noticed a deep elf pyromancer
  4540 | Volcano  | Killed a deep elf pyromancer
  4541 | Volcano  | Reached XP level 12. HP: 82/106 MP: 13/13
  4548 | Volcano  | Killed a deep elf pyromancer
  4551 | Volcano  | Noticed a deep elf pyromancer
  4584 | Volcano  | Killed a deep elf pyromancer
  4588 | Volcano  | Killed a deep elf pyromancer
  4589 | Volcano  | Reached skill level 12 in Maces & Flails
  4613 | Volcano  | Noticed a deep elf pyromancer
  4613 | Volcano  | Noticed a deep elf archer
  4613 | Volcano  | Noticed a deep elf pyromancer
  4629 | Volcano  | Killed a deep elf pyromancer
  4633 | Volcano  | Killed a deep elf pyromancer
  4648 | Volcano  | Killed a deep elf archer
  4867 | Lair:2   | Found a staircase to the Snake Pit.
  4873 | Snake:1  | Entered Level 1 of the Snake Pit
  4910 | Snake:1  | Reached **** piety under Elyvilon
  4930 | Snake:1  | Noticed a shock serpent
  4959 | Snake:1  | Elyvilon protects you from harm!
  4960 | Snake:1  | Killed a shock serpent
  5066 | Snake:1  | Noticed a naga warrior
  5086 | Snake:1  | Elyvilon protects you from harm!
  5088 | Snake:1  | Killed a naga warrior
  5219 | Snake:1  | Reached skill level 13 in Maces & Flails
  5318 | Snake:2  | Reached XP level 13. HP: 102/116 MP: 14/14
  5406 | Snake:2  | Identified a scroll of acquirement
  5406 | Snake:2  | Acquired the ring of Wudivoz {rElec rPois AC+4 Slay-5}
  5529 | Snake:2  | Noticed an anaconda
  5543 | Snake:2  | Killed an anaconda
  5619 | Snake:2  | Identified the +8 chain mail "Udghosugh" {rC+}
  5751 | Snake:2  | Noticed an anaconda
  5766 | Snake:2  | Killed an anaconda
  5780 | Snake:2  | Reached skill level 14 in Maces & Flails
  5809 | Snake:2  | Noticed an anaconda
  5823 | Snake:2  | Killed an anaconda
  5824 | Snake:2  | Noticed a naga warrior
  5860 | Snake:2  | Killed a naga warrior
  5929 | Snake:2  | Identified the +7 scimitar of Ufeid {heavy, rPois rC+ Will-
                  | Stlth+}
  5973 | Snake:2  | HP: 5/119 [salamander/+3 trident (7)]
  5973 | Snake:2  | Elyvilon protects you from harm!
  5984 | Snake:3  | Noticed a salamander tyrant
  6140 | Snake:2  | Killed a salamander tyrant
  6141 | Snake:2  | Reached XP level 14. HP: 60/127 MP: 10/15
  6373 | Snake:3  | Noticed a nagaraja
  6446 | Snake:3  | Killed a nagaraja
  6455 | Snake:3  | Upgraded the game from 0.30.0-2-g1aa4bd4387 to
                  | 0.30.0-5-g1a98f26d00
  6521 | Lair:2   | Reached skill level 15 in Maces & Flails
  6582 | Lair:2   | Found a staircase to the Shoals.
  6653 | Shoals:1 | Entered Level 1 of the Shoals
  6671 | Shoals:1 | Noticed a merfolk impaler
  6707 | Shoals:1 | Killed a merfolk impaler
  7036 | Shoals:2 | Found Loalismy's Armour Shop.
  7050 | Shoals:2 | Noticed Frances
  7058 | Shoals:2 | Noticed a merfolk impaler
  7073 | Shoals:1 | Killed Frances
  7326 | Shoals:2 | Noticed a merfolk impaler
  7351 | Shoals:1 | Killed a merfolk impaler
  7515 | Shoals:2 | Reached XP level 15. HP: 134/137 MP: 16/16
  7531 | Shoals:2 | Reached skill level 16 in Maces & Flails
  7531 | Shoals:2 | Reached skill level 15 in Armour
  7531 | Shoals:2 | Reached skill level 15 in Shields
  7938 | Lair:3   | Noticed Amaemon
  7957 | Lair:3   | Killed Amaemon
  8047 | Lair:3   | You fall into a shaft and drop 1 floor!
  8245 | Lair:3   | Noticed Nessos
  8276 | Lair:3   | Killed Nessos
  8690 | Lair:5   | Entered Level 5 of the Lair of Beasts
  8693 | Lair:5   | Reached ***** piety under Elyvilon
  8908 | Lair:5   | Found a staircase to the Slime Pits.
  8929 | Slime:1  | Entered Level 1 of the Pits of Slime
  8933 | Slime:1  | Noticed a quicksilver ooze
  8943 | Slime:1  | Killed a quicksilver ooze
  9073 | Slime:1  | Noticed an acid blob
  9073 | Slime:1  | Noticed an acid blob
  9103 | Lair:5   | Killed an acid blob
  9104 | Lair:5   | Reached skill level 17 in Maces & Flails
  9216 | Lair:5   | Reached XP level 16. HP: 138/147 MP: 17/17
  9235 | Lair:5   | Found a corrupted altar of Lugonu.
  9235 | Lair:5   | Found a one-way gate to the infinite horrors of the Abyss.
  9278 | Lair:5   | Voluntarily entered the Abyss.
  9337 | Abyss:1  | Noticed an angel
  9356 | Abyss:1  | Found a corrupted altar of Lugonu.
  9404 | Abyss:1  | Reached skill level 15 in Fighting
  9453 | Abyss:1  | Noticed a tentacled starspawn
  9454 | Abyss:1  | Noticed a tentacled starspawn
  9464 | Abyss:1  | Killed a tentacled starspawn
  9483 | Abyss:1  | Killed a tentacled starspawn
  9630 | Abyss:1  | Noticed a bone dragon
  9693 | Lair:5   | Escaped the Abyss
  9730 | Lair:5   | Voluntarily entered the Abyss.
  9982 | Abyss:2  | Found a corrupted altar of Lugonu.
 10030 | Abyss:2  | Noticed a lich
 10043 | Abyss:2  | Killed a lich
 10070 | Abyss:2  | HP: 4/119 [raiju/living lightning (11)]
 10075 | Abyss:2  | HP: 2/119 [starcursed mass/accursed screaming (14)]
 10076 | Abyss:2  | Elyvilon protects you from harm!
 10076 | Abyss:2  | Paralysed by accursed screaming for 2 turns
 10077 | Abyss:2  | Elyvilon protects you from harm!
 10077 | Abyss:2  | Slain by a raiju

Illustrated notes

Levels and vault maps discovered:
D:1:      ncdulo_halloftheorcs, layout_basic
D:2:      layout_loops_ring
D:3:      layout_loops_corners, ebering_ghost_rock_garden, serial_shops,
          nicolae_shop_hallway_plus, uniq_jessica
D:4:      layout_basic, elyvilon_altar_1, minmay_temple_entry_statues_pillars,
          serial_shops, nicolae_shop_tiny_real_fake_doors
D:5:      layout_cave_pods
D:6:      nicolae_BIG_FREAKIN_CUBE, layout_cave_pools,
          nzn_wu_jian_contemplation, uniq_crazy_yiuf_cottage
D:7:      minmay_recursive_quarters, layout_loops_ring, serial_shops, shop
D:8:      layout_basic, overflow_temple_1_default, nemelex_diamond_rough_becter,
          grunt_temple_overflow_open, grunt_lair_entry_orc_guard_hut
Temple:   jpeg_temple_clearing
Lair:1:   layout_roguey, lemuel_fruit_tree, serial_bayou_shore_a
Lair:2:   wander_river, layout_gridlike, nicolae_shoals_entry_roost,
          minmay_snake_entry_guardpost_medium, nicolae_volcano_entry_two_sided,
          lemuel_fruit_fields
Lair:3:   layout_cave_pods, grunt_megastairs_5, uniq_amaemon, uniq_nessos
Lair:4:   layout_regular_city, nicolae_lair_time_for_slime
Lair:5:   hellmonk_lair_end_abyssal_woods, layout_regular_city, slime_entry_1,
          pdpol_lair_neglected_garden, chequers_serial_rivers_small_b,
          minivault_25, infiniplex_staircase_pool_2
Shoals:1: layout_shoals, gammafunk_ghost_cemetery, nicolae_shoals_this_corrosion
Shoals:2: layout_shoals, serial_shops, nicolae_shop_window_shopping, shop,
          uniq_frances
Snake:1:  layout_chambers, minmay_shoptagon, grunt_megastairs_1
Snake:2:  layout_onion, nicolae_snake_double_loop
Snake:3:  layout_grid_maze, minmay_shop_grove, uniq_aizul, uniq_bai_suzhen
Slime:1:  layout_caves
Abyss:2:  base: D:5, hangedman_shadowy_showcase,
          hangedman_abyss_or_decor_jellyfish_corner

Skill      XL: |  1  2  3  4  5  6  7  8  9 10 11 12 13 14 15 16 |
---------------+-------------------------------------------------+-----
Maces & Flails | 3 4 5 6 8 10 11 13 14 15 17 | 17.7
Armour         | 4 5 6 8 9 11 12 13 14 16 | 16.5
Shields        | 4 5 6 8 9 11 12 13 14 16 | 16.5
Fighting       | 4 5 6 7 9 10 11 12 13 14 15 | 15.3

Action                     |  1- 3 |  4- 6 |  7- 9 | 10-12 | 13-15 | 16-18 || total
---------------------------+-------+-------+-------+-------+-------+-------++-------
  Melee: Flail             |    55 |   113 |   171 |   336 |   995 |   183 ||  1853
         Headbutt          |       |       |       |    49 |   265 |    52 ||   366
  Throw: Stone             |       |       |       |       |     2 |       ||     2
 Invoke: Heal Self         |       |       |       |     4 |    15 |    12 ||    31
         Purification      |       |       |       |       |     2 |       ||     2
  Evoke: Wand              |       |       |       |     2 |     1 |       ||     3
         Condenser vane    |       |       |       |       |     1 |       ||     1
    Use: Potion            |     1 |       |     1 |    14 |     6 |     2 ||    24
         Scroll            |       |       |       |       |    12 |       ||    12
 Armour: Scale mail        |    16 |       |       |       |       |       ||    16
         Plate armour      |    23 |    71 |   124 |   179 |    55 |       ||   452
         Chain mail        |       |       |       |       |   598 |   112 ||   710
  Dodge: Dodged            |    22 |    21 |    35 |    51 |   208 |    42 ||   379
  Block: Buckler           |     9 |    18 |    10 |       |       |       ||    37
         Kite shield       |       |       |   100 |   198 |   816 |   174 ||  1288
